 Dungeon Crawl Stone Soup version 0.21.1-1-g345015fe64 (webtiles) character file.

34 Ivernyr the Charmwright (level 3, -2/28 HPs)
             Began as a Demonspawn Skald on Apr 27, 2018.
             Slain by a worm (9 damage)
             ... on level 2 of the Dungeon.
             The game lasted 00:02:34 (1237 turns).

Ivernyr the Charmwright (Demonspawn Skald)          Turns: 1237, Time: 00:02:34

Health: -2/28      AC:  3    Str: 11    XL:     3   Next: 14%
Magic:  5/6        EV: 12    Int: 14    God:
Gold:   47         SH:  0    Dex: 13    Spells: 1/6 levels left

rFire    . . .     SeeInvis .   a - +0 falchion
rCold    . . .     Gourm    .   (no shield)
rNeg     . . .     Faith    .   b - +0 leather armour
rPois    .         Spirit   .   (no helmet)
rElec    .         Reflect  .   (no cloak)
rCorr    .         Harm     .   (no gloves)
MR       .....                  (no boots)
Stlth    +.........             (no amulet)
HPRegen  0.09/turn              (no ring)
MPRegen  0.10/turn              (no ring)

@: no status effects
A: talons 1, powered by death 1
a: no special abilities


You were on level 2 of the Dungeon.
You were hungry.

You visited 1 branch of the dungeon, and saw 2 of its levels.

You collected 47 gold pieces.

Inventory:

Hand Weapons
 a - a +0 falchion (weapon)
Armour
 b - a +0 leather armour (worn)
Scrolls
 e - a scroll of teleportation {unknown}
 f - 2 scrolls of identify {unknown}
 h - a scroll of enchant armour {unknown}
 j - a scroll of fear {unknown}
Potions
 g - a potion of lignification {unknown}
 i - 2 potions of curing {unknown}
Books
 c - a book of Battle

   Spells                             Type                      Level
   a - Infusion                       Charms                       1
   b - Shroud of Golubria             Charms/Translocation         2
   c - Song of Slaying                Charms                       2
   d - Spectral Weapon                Hexes/Charms                 3
   e - Regeneration                   Charms/Necromancy            3
Comestibles
 d - 2 rations


   Skills:
 + Level 2.3 Fighting
 + Level 2.1 Long Blades
 * Level 1.9 Armour
 - Level 1.7 Dodging
 - Level 2.0 Spellcasting
 + Level 3.0 Charms


You had one spell level left.
You knew the following spells:

 Your Spells              Type           Power        Failure   Level  Hunger
a - Shroud of Golubria    Chrm/Tloc      #.........   26%         2    ###....
b - Song of Slaying       Chrm           #.......     14%         2    ###....
c - Infusion              Chrm           #...         9%          1    ##.....


Dungeon Overview and Level Annotations

Branches:
Dungeon (2/15)

Altars:
Ru


Innate Abilities, Weirdness & Mutations

You have sharp toenails.
You regenerate a little health from kills.


Message History

You barely miss the worm.
The worm is severely wounded.
The worm bites you!
You hit the worm.
The worm is severely wounded.
The worm misses you.
You hit the worm. Your kick misses the worm.
The worm is almost dead.
You barely miss the worm. You claw the worm, but do no damage.
The worm is almost dead.
The worm bites you!
* * * LOW HITPOINT WARNING * * *
Your shroud falls apart!
You hit the worm but do no damage.
The worm is almost dead.
The worm barely misses you.
You hit the worm but do no damage.
The worm is severely wounded.
The worm bites you!
You die...

[.... ... .<.
... #.#
####.#######
#...w.......
###.##@# ....#.#
#..#.#
#####..#.#######
#........>.....#
#.#....##.#.##.#
.........###.#
######.######
#...........#


You could see a worm.

Vanquished Creatures
  An adder (D:2)
  A leopard gecko (D:1)
  3 goblins
  3 hobgoblins (D:1)
  3 jackals (D:2)
  A quokka (D:2)
  6 bats
  2 frilled lizards
  4 rats
24 creatures vanquished.

Notes
Turn   | Place    | Note
-------+----------+-------------------------------------------
     0 | D:1      | Ivernyr the Demonspawn Skald began the quest for the Orb.
     0 | D:1      | Reached XP level 1. HP: 16/16 MP: 3/3
    73 | D:1      | Reached skill level 1 in Armour
   248 | D:1      | Gained mutation: You regenerate a little health from kills. [demonic ancestry]
   248 | D:1      | Reached XP level 2. HP: 21/22 MP: 5/5
   267 | D:1      | Learned a level 2 spell: Song of Slaying
   270 | D:1      | Learned a level 2 spell: Shroud of Golubria
   985 | D:2      | Found a sacrificial altar of Ru.
  1003 | D:2      | Reached skill level 3 in Charms
  1003 | D:2      | Gained mutation: You have sharp toenails. [demonic ancestry]
  1003 | D:2      | Reached XP level 3. HP: 14/28 MP: 2/6
  1237 | D:2      | Slain by a worm

Skill      XL: |  1  2 |
---------------+-------+-----
Armour         | 1 |  1.9
Long Blades    | 2 |  2.1
Charms         | 3 |  3.0
Fighting       | |  2.3
Dodging        | |  1.7
Spellcasting   | |  2.0

Action                   || total
-------------------------++-------
Melee: Falchion          ||   102
       Kick              ||     2
 Cast: Shroud of Golubri ||     5
  Eat: Chunk             ||     1
Armor: Leather armour    ||    42
Dodge: Dodged            ||    78
       Rpst.: Falchion   ||    34
